 Dungeon Crawl Stone Soup version 0.24-a0-309-g1095bcad4c (webtiles) character file.

Game seed: 10763451115086520448

1420 Roikka the Ducker (level 8, -16/53 HPs)
             Began as a Merfolk Summoner on May 14, 2019.
             Was a Follower of Zin.
             Demolished by an orc warrior
             ... wielding a +0 glaive
              (19 damage)
             ... on level 6 of the Dungeon.
             The game lasted 00:30:03 (8042 turns).

Roikka the Ducker (Merfolk Summoner)                Turns: 8042, Time: 00:30:04

Health: -16/53     AC:  8    Str:  9    XL:     8   Next: 71%
Magic:  14/15      EV: 15    Int: 19    God:    Zin [*.....]
Gold:   202        SH:  3    Dex: 14    Spells: 3/17 levels left

rFire    x . .     SeeInvis .   m - +0 scythe
rCold    . . .     Gourm    .   (shield currently unavailable)
rNeg     . . .     Faith    .   h - +2 leather armour of Tomorrow {+Blink rF- Int+3}
rPois    .         Spirit   .   a - +1 helmet
rElec    .         Reflect  +   (no cloak)
rCorr    .         Harm     .   (no gloves)
MR       .....                  w - +0 pair of boots
Stlth    ++........             o - +3 amulet of reflection
HPRegen  0.17/turn              b - +1 ring of slaying
MPRegen  0.14/turn              (no ring)

@: no status effects
A: change form in water, swift swim, stealthy swim
a: Recite, Donate Gold, Renounce Religion, Evoke Blink


You were on level 6 of the Dungeon.
You worshipped Zin.
Zin was aware of your devotion.
You were not hungry.

You visited 2 branches of the dungeon, and saw 8 of its levels.

You collected 224 gold pieces.
You donated 22 gold pieces to Zin.

Inventory:

Hand Weapons
 j - a +1 short sword of draining
 m - a +0 scythe (weapon)
Armour
 a - a +1 helmet (worn)
 h - the +2 leather armour of Tomorrow (worn) {+Blink rF- Int+3}
   (You found it on level 4 of the Dungeon)

   It affects your intelligence (+3).
   It makes you vulnerable to fire.
   It lets you blink.
 w - a +0 pair of boots (worn)
Jewellery
 b - a +1 ring of slaying (left hand)
 l - a +5 ring of dexterity {unknown}
 o - a +3 amulet of reflection (around neck)
Wands
 e - a wand of acid (6)
 s - a wand of disintegration (3)
Scrolls
 d - 4 scrolls of remove curse
 f - 5 scrolls of teleportation
 i - a scroll of magic mapping
 p - a scroll of immolation
Potions
 g - 2 potions of agility {unknown}
 k - a potion of heal wounds {unknown}
 n - 2 potions of curing {unknown}
 q - 3 potions of mutation {unknown}
 r - 2 potions of flight {unknown}
 t - a potion of might {unknown}
 u - a potion of haste {unknown}
 v - a potion of berserk rage
 x - a potion of degeneration {unknown}
Comestibles
 c - 8 rations


   Skills:
 + Level 0.4 Fighting
 + Level 5.4 Polearms
 - Level 7.0 Dodging
 - Level 2.1 Stealth
 + Level 5.0 Spellcasting
 + Level 6.5 Summonings
 + Level 2.3 Ice Magic
 + Level 2.1 Air Magic


You had 3 spell levels left.
You knew the following spells:

 Your Spells              Type           Power        Failure   Level  Hunger
a - Summon Small Mammal   Summ           ####         1%          1    None
b - Call Imp              Summ           ####....     1%          2    #......
c - Call Canine Familiar  Summ           ####....     3%          3    ##.....
d - Summon Ice Beast      Ice/Summ       ###.....     28%         4    ####...
e - Summon Lightning Spi  Summ/Air       ###.....     28%         4    ####...

Your spell library contained the following spells:

 Spells                   Type           Power        Failure   Level  Hunger
 Summon Guardian Golem    Hex/Summ       ###.....     14%         3    ##.....
 Ensorcelled Hibernation  Hex/Ice        #.....       16%         2    #......
 Animate Skeleton         Necr           N/A          17%         1    None
 Apportation              Tloc           #.....       17%         1    None
 Confusing Touch          Hex            #.....       17%         1    None
 Corona                   Hex            #......      17%         1    None
 Confuse                  Hex            #.......     45%         3    ##.....
 Dazzling Spray           Conj/Hex       #.....       45%         3    ##.....
 Tukima's Dance           Hex            #.......     45%         3    ##.....


Dungeon Overview and Level Annotations

Branches:
Dungeon (7/15)             Temple (1/1) D:4

Altars:
Ashenzari
Cheibriados
Dithmenos
Elyvilon
Fedhas
Gozag
Hepliaklqana
Kikubaaqudgha
Makhleb
Nemelex Xobeh
Okawaru
Qazlal
Ru
Sif Muna
Trog
Uskayaw
Vehumet
Wu Jian
Zin
The Shining One

Annotations:
D:7 1 runed translucent door


Message History

You barely miss the orc.
Your hound closely misses the orc warrior.
The orc priest barely misses you.
Your hound bites the orc warrior but does no damage.
The orc warrior misses you. The orc barely misses you.
The orc priest hits you from afar with a +0 spear.
Your hound bites the orc warrior but does no damage.
You hit the orc.
The orc is severely wounded.
Your hound closely misses the orc warrior.
You block the orc's attack.
The orc warrior hits you from afar with a +0 glaive!!
* * * LOW HITPOINT WARNING * * *
The orc priest calls upon Beogh to heal the orc warrior.
The orc warrior is healed somewhat.
Your hound barely misses the orc warrior.
The orc hits you with a +0 dagger.
* * * LOW HITPOINT WARNING * * *
The orc warrior hits you from afar with a +0 glaive!!
You die...

##############
#....$........
#..:...........
#..............#
#..$.(.........#
#..............########
#......................
#.....@................
#.....oh.......#######.
#....oo!.......... ##
#...................###
#..........#####.......
#.........## ##...###
#.........# #...
#########.# #.)
#.#.≈≈≈.#..


You could see an orc warrior, an orc priest, an orc and a friendly hound.

Vanquished Creatures
  Sigmund (D:3)
  A wyvern (D:7)
  An ice beast (D:6)
  2 ogres (D:7)
  A phantom (D:7)
  A centaur (D:5)
  2 scorpions (D:6)
  5 howler monkeys
  2 crimson imps
  2 hounds
  A centaur skeleton (D:6)
  An orc priest (D:6)
  A bullfrog skeleton (D:7)
  A worker ant (D:7)
  2 orc wizards
  A hound zombie (D:6)
  A hound skeleton (D:3)
  2 adders (D:2)
  A shadow imp (D:2)
  2 oozes
  2 adder zombies
  2 worms
  5 dart slugs
  13 orcs
  5 giant cockroaches
  4 hobgoblins
  6 jackals
  3 quokkas
  3 bats
  3 frilled lizards
  9 rats
86 creatures vanquished.

Vanquished Creatures (collateral kills)
  A scorpion (D:7)
  A crimson imp (D:5)
  2 hounds
  2 orc priests
  2 orc wizards
  A worker ant zombie (D:6)
  3 gnolls
  2 adders
  A dart slug (D:1)
  2 leopard geckos (D:1)
  11 orcs
  3 bats (D:1)
  2 giant cockroaches
  6 goblins (D:1)
  6 hobgoblins
  11 jackals
  2 frilled lizards
  A kobold (D:2)
  7 rats
66 creatures vanquished.

Grand Total: 152 creatures vanquished

Notes
Turn   | Place    | Note
-------+----------+-------------------------------------------
     0 | D:1      | Roikka the Merfolk Summoner began the quest for the Orb.
     0 | D:1      | Reached XP level 1. HP: 13/13 MP: 3/3
   172 | D:1      | Reached skill level 3 in Dodging
   191 | D:1      | Reached XP level 2. HP: 14/19 MP: 0/5
   195 | D:1      | Learned a level 2 spell: Call Imp
   921 | D:1      | Reached XP level 3. HP: 24/24 MP: 6/6
  1304 | D:1      | Learned a level 3 spell: Call Canine Familiar
  1370 | D:2      | Found a shadowy altar of Dithmenos.
  1894 | D:2      | Reached XP level 4. HP: 24/30 MP: 6/8
  2257 | D:2      | Reached skill level 4 in Dodging
  2740 | D:3      | Reached XP level 5. HP: 35/35 MP: 6/9
  2746 | D:3      | Found an iron altar of Okawaru.
  2771 | D:3      | Noticed Sigmund
  2805 | D:3      | Killed Sigmund
  2805 | D:3      | Reached skill level 5 in Dodging
  2805 | D:3      | Reached skill level 5 in Summonings
  2805 | D:3      | Reached XP level 6. HP: 20/41 MP: 3/11
  3374 | D:3      | Reached skill level 1 in Polearms
  3387 | D:3      | Found a faded altar of an unknown god.
  3401 | D:3      | Found a snail-covered altar of Cheibriados.
  3985 | D:4      | Got a slimy leather armour
  3999 | D:4      | Identified the +2 leather armour of Tomorrow {+Blink rF-
                  | Int+3} (You found it on level 4 of the Dungeon)
  4261 | D:4      | Found a staircase to the Ecumenical Temple.
  4297 | Temple   | Entered the Ecumenical Temple
  4438 | Temple   | Became a worshipper of Zin the Law-Giver
  4438 | Temple   | Reached * piety under Zin
  4719 | D:5      | Entered Level 5 of the Dungeon
  5288 | D:4      | Reached XP level 7. HP: 27/46 MP: 8/13
  5820 | D:5      | You fall through a shaft for 2 floors!
  5886 | D:7      | Reached skill level 6 in Dodging
  5992 | D:7      | Learned a level 4 spell: Summon Ice Beast
  5997 | D:7      | Learned a level 4 spell: Summon Lightning Spire
  6042 | D:7      | Found a hazy altar of Hepliaklqana.
  6043 | D:7      | Found an ancient bone altar of Kikubaaqudgha.
  6044 | D:7      | Found a deep blue altar of Sif Muna.
  6099 | D:7      | Reached skill level 1 in Ice Magic
  6289 | D:7      | Reached skill level 1 in Air Magic
  6289 | D:7      | Reached XP level 8. HP: 51/52 MP: 14/14
  6806 | D:7      | Found a runed translucent gate.
  6968 | D:6      | Noticed a wyvern
  6975 | D:7      | Killed a wyvern
  7346 | D:6      | Reached skill level 7 in Dodging
  7346 | D:6      | Reached skill level 5 in Polearms
  7589 | D:6      | Reached skill level 5 in Spellcasting
  8042 | D:6      | Demolished by an orc warrior

Levels and vault maps discovered:
D:1:      psy_arrival_terrarium, layout_basic, chequers_garden, minmay_tripent
D:2:      layout_loops_ring, roderic_roman_lattice,
          nicolae_dithmenos_shadow_blocks
D:3:      layout_basic, cheibriados_altar_1, chequers_ecumenical_altar_simple,
          hangedman_decor_lopped, kennysheep_donut, okawaru_trees_2,
          uniq_sigmund
D:4:      layout_loops_ring, minmay_temple_entry_proselytizer,
          ebering_dispersal_statue_hall
D:5:      layout_cave_pools, first_ration
D:6:      layout_basic, minmay_fire_ice_demons
D:7:      layout_layer_cave, minitemple, ebering_ghost_gozag
Temple:   zaba_magenta_temple

Skill      XL: |  1  2  3  4  5  6  7  8 |
---------------+-------------------------+-----
Dodging        | 3 4 5 6 7 |  7.0
Spellcasting   | 3 4 5 |  5.0
Summonings     | 5 6 |  6.5
Polearms       | 2 4 5 |  5.4
Ice Magic      | 1 2 |  2.3
Air Magic      | 1 2 |  2.1
Fighting       | |  0.4
Stealth        | |  2.1

Action                   |  1- 3 |  4- 6 |  7- 9 || total
-------------------------+-------+-------+-------++-------
Melee: Club              |   103 |     6 |       ||   109
       Unarmed           |     3 |       |       ||     3
       Short sword       |       |    54 |       ||    54
       Scythe            |       |   121 |   176 ||   297
 Cast: Summon Small Mamm |    19 |     5 |     9 ||    33
       Call Imp          |    12 |    16 |       ||    28
       Call Canine Famil |       |    10 |    14 ||    24
Evoke: Wand              |       |       |     1 ||     1
  Use: Scroll            |     1 |     7 |     2 ||    10
 Stab: Sleeping          |     6 |     4 |     1 ||    11
       Distracted        |       |       |     1 ||     1
  Eat: Chunk             |     4 |     9 |     1 ||    14
       Ration            |       |     1 |     3 ||     4
Armor: Robe              |     5 |       |       ||     5
       Leather armour    |    36 |    56 |    56 ||   148
       Ring mail         |       |    15 |       ||    15
Dodge: Dodged            |   126 |   182 |   179 ||   487
Block: Other             |       |    12 |    30 ||    42
       Reflection        |       |     1 |       ||     1

Table legend:
 A = Non-vault XP
 B = Vault XP
 C = Vault XP percentage of total XP
 D = Non-vault monster count
 E = Vault monster count
 F = Vault count percentage of total count
                 A         B        C        D         E       F
            +---------+---------+-------+---------+---------+-------
      Total |    1861 |     168 |   8.3 |     148 |       4 |   2.6
            +---------+---------+-------+---------+---------+-------
        D:1 |      62 |       2 |   3.1 |      42 |       2 |   4.5
        D:2 |      54 |       0 |   0.0 |      14 |       0 |   0.0
        D:3 |     154 |     127 |  45.2 |      32 |       1 |   3.0
        D:4 |     153 |      39 |  20.3 |       9 |       1 |  10.0
        D:5 |     148 |       0 |   0.0 |      12 |       0 |   0.0
        D:6 |     486 |       0 |   0.0 |      17 |       0 |   0.0
        D:7 |     804 |       0 |   0.0 |      22 |       0 |   0.0
            +---------+---------+-------+---------+---------+-------
